 Dungeon Crawl Stone Soup version 0.32-a0-86-g8db1b9f803 (webtiles) character file.

Game seed: 10339834838930787128

17265 Newt the Skirmisher (level 12, -6/80 HPs)
             Began as a Kobold Hunter on Feb 5, 2024.
             Was an Elder of Hepliaklqana.
             Mangled by an ogre
             ... wielding a +0 giant spiked club
             ... led by Lodul
              (8 damage)
             ... while petrified by Jorgrun
             ... on level 12 of the Dungeon.
             The game lasted 00:12:11 (11898 turns).

Newt the Skirmisher (Kobold Hunter)                Turns: 11898, Time: 00:12:11

Health: -6/80      AC:  9    Str: 14    XL:     12   Next: 80%
Magic:  0/20       EV:  3    Int: 11    God:    Hepliaklqana [****..]
Gold:   1692       SH:  0    Dex: 23    Spells: 18/22 levels left

rFire   . . .        a - +5 shortbow (freeze)
rCold   . . .        (shield currently unavailable)
rNeg    + + +        f - +0 troll leather armour
rPois   ∞            (helmet restricted)
rElec   .            i - +0 cloak
rCorr   .            Q - +0 pair of gloves
SInv    .            (no boots)
Will    .....        m - amulet of guardian spirit
Stlth   +++          q - +4 ring of protection
HPRegen 0.00/turn    k - +6 ring of strength
MPRegen 0.17/turn

%: guardian spirit
@: petrified, inhibited regen
A: reduced essence, small, no large weapons, nightstalker 3, horns 1, robust 1,
inhibited regeneration, subdued magic 1, inability to drink after injury 1
a: Renounce Religion, Recall Ancestor, Ancestor Identity, Transference, Idealise


You were on level 12 of the Dungeon.
You worshipped Hepliaklqana.
Hepliaklqana was greatly pleased with you.
You visited 2 branches of the dungeon, and saw 13 of its levels.

You collected 1692 gold pieces.

Inventory:

Hand Weapons
 a - a +5 shortbow of freezing (weapon)
Armour
 c - a +0 leather armour
 f - a +0 troll leather armour (worn)
 i - a +0 cloak (worn)
 D - a scarf of shadows
 H - a +0 helmet
 L - a +2 helmet
 Q - a +0 pair of gloves (worn)
Jewellery
 h - a ring of poison resistance
 k - a +6 ring of strength (right hand)
 m - an amulet of guardian spirit (around neck)
 p - a +6 ring of strength
 q - a +4 ring of protection (left hand)
 s - a ring of willpower
 A - a ring of resist corrosion
 E - a ring of protection from fire
Wands
 b - a wand of polymorph (17)
 l - a wand of digging (3)
 n - a wand of charming (12)
 u - a wand of iceblast (15)
 F - a wand of flame (22)
Scrolls
 o - 3 scrolls of poison
 w - 2 scrolls of enchant armour
 x - a scroll of revelation
 y - 3 scrolls of amnesia
 C - a scroll of brand weapon
 G - 2 scrolls of immolation
 I - a scroll of butterflies
 J - a scroll of vulnerability {unknown}
 K - a scroll of fear {unknown}
 M - a scroll of torment {unknown}
 O - 2 scrolls of identify
 P - 3 scrolls of teleportation
Potions
 d - 3 potions of berserk rage
 e - 2 potions of heal wounds {unknown}
 g - 4 potions of curing
 j - 3 potions of brilliance {unknown}
 r - a potion of ambrosia
 t - 2 potions of degeneration {unknown}
 v - 2 potions of haste
 z - 2 potions of attraction
 B - a potion of enlightenment
 N - a potion of lignification {unknown}


   Skills:
 + Level 11.2 Fighting
 - Level 13.0 Ranged Weapons
 - Level 8.4 Dodging
 - Level 1.3 Stealth
 + Level 5.7 Spellcasting
 * Level 8.5 Hexes
 * Level 8.5 Translocations


You had 18 spell levels left.
You knew the following spells:

 Your Spells              Type           Power      Damage    Failure   Level
a - Dimensional Bullseye  Hex/Tloc       8%         N/A       6%          4

Your spell library contained the following spells:

 Spells                   Type           Power      Damage    Failure   Level
 Apportation              Tloc           32%        N/A       1%          1
 Jinxbite                 Hex            32%        N/A       1%          2
 Sigil of Binding         Hex            16%        N/A       1%          3
 Inner Flame              Hex/Fire       9%         N/A       11%         3
 Volatile Blastmotes      Fire/Tloc      18%        2d11      11%         3
 Iskenderun's Mystic Bla  Conj/Tloc      9%         2d4       36%         4
 Vhi's Electric Charge    Tloc/Air       18%        N/A       36%         4
 Call Canine Familiar     Summ           2%         N/A       54%         3
 Flame Wave               Conj/Fire      2%         2d4       92%         4
 Fulminant Prism          Conj/Alch      1%         3d5       92%         4
 Sticky Flame             Fire/Alch      2%         2d4       92%         4
 Alistair's Intoxication  Alch           1%         N/A       100%        5
 Arcjolt                  Conj/Air       1%         1d11      100%        5
 Maxwell's Capacitive Co  Air            1%         ∞         100%        8


Dungeon Overview and Level Annotations

Branches:
Dungeon (12/15)            Temple (1/1) D:6            Lair (0/5) D:10
    Orc (0/2) D:9

Altars:
Ashenzari
Cheibriados
Dithmenos
Elyvilon
Fedhas
Gozag
Hepliaklqana
Kikubaaqudgha
Makhleb
Nemelex Xobeh
Okawaru
Qazlal
Ru
Sif Muna
Trog
Uskayaw
Vehumet
Wu Jian
Xom
Yredelemnul
Zin
The Shining One

Shops:
D:1 (   D:12 *

Annotations:
D:12 Jorgrun


Innate Abilities, Weirdness & Mutations

Your life essence is reduced to manifest your ancestor. (-10% HP)
You are small and have problems with some larger weapons.
You are completely attuned to the shadows.
You have a pair of small horns on your head.
You are robust. (+10% HP)
You do not regenerate when monsters are visible.
Your spells are a little easier to cast, but a little less powerful.
You occasionally lose the ability to drink potions when taking damage.


Message History

An ogre is nearby!
You shoot an arrow. The arrow barely misses the ogre.
You shoot an arrow. The arrow hits the ogre!
The arrow freezes the ogre.
The ogre is heavily wounded.
An ogre comes into view. It is wielding a +0 giant spiked club.
You shoot an arrow. The arrow completely misses the ogre.
Jorgrun Earthshaker comes into view.
He is wielding a staff of earth.
You shoot an arrow. The arrow hits the ogre!
The arrow freezes the ogre.
The ogre is almost dead.
Audrea hits the ogre with a +0 flail!
The ogre dies!
Jorgrun points at you and mumbles some strange words.
The iron shot hits you!!!
An ogre comes into view. It is wielding a +0 giant club.
Audrea blocks the ogre's attack.
Jorgrun gestures at the rock wall while chanting.
Some rock shatters into small pieces.
Audrea hits Jorgrun with a +0 flail!
Jorgrun says, "I've ne'er se'n tha particular type o' rock formation 'fore."
Jorgrun gestures at you while chanting.
You are slowing down.
An ogre comes into view. It is wielding a +0 giant club.
Audrea hits Jorgrun with a +0 flail.
Jorgrun points at you and mumbles some strange words.
The iron shot hits you!!!
* * * LOW HITPOINT WARNING * * *
Something closely misses Audrea.
Audrea blocks something's attack.
Your limbs are stiffening.
Some rock shatters into small pieces.
You have turned to stone.
Audrea barely misses Jorgrun.
Jorgrun says, "A few more walls knocked out 'ere an' thar an' 'tis whole place will come crashin' down."
Jorgrun gestures next to the ogre while chanting.
Some rock shatters into small pieces.
Audrea hits Jorgrun with a +0 flail!
Something hits Audrea!!
The ogre hits you with a +0 giant spiked club!!
* * * LOW HITPOINT WARNING * * *
An ogre comes into view. It is wielding a +0 giant club.
The ogre hits you with a +0 giant spiked club!!
You die...
Hepliaklqana delivers you to your ancestors.

.........###..
........## ..
.......#R#
.....##..#
####.#####
#...# #...#
#...#
..#####@..#
........OgO#
........O..#
.........R...
.........O...
#........... .
##..#...)OO. .
#...##^.....
#.##........


You could see the friendly Audrea the knight, Jorgrun (ally target) and 4 ogres.

Vanquished Creatures
  A hydra (D:11)
  3 two-headed ogres
  Erica (D:11)
  Lodul (D:12)
  3 skeletal warriors
  A manticore (D:11)
  A cyclops (D:11)
  2 kobold demonologists (D:11)
  A komodo dragon (D:12)
  4 trolls
  A hornet (D:10)
  6 slime creatures (D:12)
  11 yaks
  4 shadows
  A wraith (D:11)
  A wyvern (D:9)
  A basilisk (D:12)
  A vampire mosquito (D:11)
  Edmund (D:4)
  Menkaure (D:4)
  2 acid dragons
  A black bear (D:4)
  An ice beast (D:7)
  3 orc warriors
  4 ogres
  2 centaurs
  A phantom (D:5)
  3 kobold brigands
  5 bullfrogs
  3 scorpions
  4 killer bees
  2 electric eels (D:7)
  6 howler monkeys
  3 bombardier beetles
  A lava snake (D:8)
  5 hounds
  2 jellies
  7 orc priests
  Crazy Yiuf (D:2)
  5 iguanas
  2 sleepcaps
  5 orc wizards
  Ijyb (D:4)
  5 adders
  6 river rats (D:5)
  A shadow imp (D:6)
  2 white imps (D:7)
  An ufetubus (D:6)
  3 dart slugs
  3 ribbon worms
  33 orcs
  4 endoplasms
  9 giant cockroaches
  8 goblins
  8 hobgoblins
  4 jackals (D:2)
  6 quokkas
  7 ball pythons
  5 bats
  22 kobolds
  19 rats
261 creatures vanquished.

Vanquished Creatures (collateral kills)
  A komodo dragon (D:10)
  A shadow (D:12)
  A slime creature (D:12)
  A yak (D:11)
  A wyvern (D:9)
  A vampire (D:9)
  An acid dragon (D:9)
  An orc warrior (D:10)
  An ogre (D:12)
  A kobold brigand (D:8)
  2 killer bees
  A howler monkey (D:8)
  A lava snake (D:10)
  2 orc wizards
  5 orcs
  A kobold (D:10)
22 creatures vanquished.

Vanquished Creatures (others)
  A two-headed ogre (D:12)
  An arcanist (D:11)
  An ugly thing (D:11)
  Maurice (D:7)
  An unseen horror (D:11)
  A troll (D:11)
  A kobold brigand (D:11)
  6 knights
  2 ancestors
15 creatures vanquished.

Grand Total: 298 creatures vanquished

Notes
Turn   | Place    | Note
-------+----------+-------------------------------------------
     0 | D:1      | Newt the Kobold Hunter began the quest for the Orb.
     0 | D:1      | Reached XP level 1. HP: 12/12 MP: 1/1
    77 | D:1      | Found Rophonaa's Weapon Shoppe.
   211 | D:1      | Reached XP level 2. HP: 18/18 MP: 2/2
   271 | D:1      | Reached skill level 6 in Ranged Weapons
   328 | D:1      | Reached XP level 3. HP: 22/22 MP: 3/3
  1221 | D:2      | Reached XP level 4. HP: 28/28 MP: 4/4
  1726 | D:2      | Found a runed translucent door.
  1729 | D:2      | Noticed Crazy Yiuf
  1941 | D:2      | Killed Crazy Yiuf
  1942 | D:2      | Reached skill level 7 in Ranged Weapons
  2518 | D:3      | Reached XP level 5. HP: 32/32 MP: 5/5
  2859 | D:4      | Reached skill level 8 in Ranged Weapons
  2859 | D:4      | Reached XP level 6. HP: 30/38 MP: 6/6
  3242 | D:4      | Noticed a black bear
  3247 | D:4      | Killed a black bear
  3296 | D:4      | Reached XP level 7. HP: 44/44 MP: 7/7
  3303 | D:4      | Noticed Edmund
  3337 | D:4      | Killed Edmund
  3338 | D:4      | Reached skill level 5 in Fighting
  3338 | D:4      | Reached skill level 5 in Dodging
  3672 | D:4      | Noticed Ijyb
  3692 | D:4      | Killed Ijyb
  3753 | D:4      | Found a snail-covered altar of Cheibriados.
  4045 | D:5      | Entered Level 5 of the Dungeon
  4053 | D:5      | Noticed Menkaure
  4062 | D:4      | Killed Menkaure
  4653 | D:5      | Reached XP level 8. HP: 49/50 MP: 8/8
  5151 | D:5      | Identified the +10 war axe of Descent {pain, Int+3}
  5349 | D:6      | Identified a scroll of acquirement
  5349 | D:6      | Acquired 677 gold pieces
  5529 | D:6      | Reached XP level 9. HP: 57/57 MP: 9/9
  5580 | D:6      | Found a staircase to the Ecumenical Temple.
  5587 | Temple   | Entered the Ecumenical Temple
  5618 | Temple   | Became a worshipper of Hepliaklqana the Forgotten
  5802 | D:6      | Reached skill level 9 in Ranged Weapons
  6226 | D:7      | Reached * piety under Hepliaklqana
  6237 | D:7      | Found a transporter.
  6266 | D:7      | Reached skill level 10 in Ranged Weapons
  6428 | D:7      | Found a transporter.
  6802 | D:7      | Noticed Maurice
  6830 | D:7      | Killed Maurice
  6831 | D:7      | Reached skill level 11 in Ranged Weapons
  7154 | D:8      | Reached XP level 10. HP: 49/58 MP: 7/10
  7196 | D:8      | Reached skill level 12 in Ranged Weapons
  7291 | D:8      | Reached ** piety under Hepliaklqana
  7292 | D:8      | Remembered your ancestor Audrea as a knight
  7337 | D:8      | You fall into a shaft and drop 2 floors!
  7337 | D:10     | Entered Level 10 of the Dungeon
  7447 | D:10     | Found a staircase to the Lair.
  7859 | D:8      | Reached skill level 13 in Ranged Weapons
  8314 | D:9      | Reached skill level 1 in Hexes
  8314 | D:9      | Reached skill level 1 in Translocations
  8434 | D:9      | Reached skill level 1 in Spellcasting
  8443 | D:9      | Found a staircase to the Orcish Mines.
  8446 | D:9      | Identified the +1 pair of gloves "Azowk" {^Drain rElec
                  | Str+6 Slay-4}
  8615 | D:9      | Found a burning altar of Makhleb.
  8696 | D:9      | Reached *** piety under Hepliaklqana
  8758 | D:9      | Gained mutation: You are frail. (-10% HP) [potion of
                  | mutation]
  8758 | D:9      | Gained mutation: Your spells are a little easier to cast,
                  | but a little less powerful. [potion of mutation]
  8758 | D:9      | Gained mutation: Potions are less effective at restoring
                  | your health. [potion of mutation]
  8758 | D:9      | Gained mutation: You are partially covered in iridescent
                  | scales. (AC +2) [potion of mutation]
  8759 | D:9      | Lost mutation: You are frail. (-10% HP) [potion of
                  | mutation]
  8759 | D:9      | Lost mutation: You are partially covered in iridescent
                  | scales. (AC +2) [potion of mutation]
  8759 | D:9      | Gained mutation: You occasionally lose the ability to drink
                  | potions when taking damage. [potion of mutation]
  8759 | D:9      | Gained mutation: Your muscles are strong. (Str +4, Int/Dex
                  | -1) [potion of mutation]
  8759 | D:9      | Gained mutation: Your mind is acute. (Int +4, Str/Dex -1)
                  | [potion of mutation]
  8760 | D:9      | Lost mutation: Your muscles are strong. (Str +4, Int/Dex
                  | -1) [potion of mutation]
  8760 | D:9      | Lost mutation: Your mind is acute. (Int +4, Str/Dex -1)
                  | [potion of mutation]
  8760 | D:9      | Lost mutation: Potions are less effective at restoring your
                  | health. [potion of mutation]
  8760 | D:9      | Gained mutation: You are robust. (+10% HP) [potion of
                  | mutation]
  8760 | D:9      | Gained mutation: You do not regenerate when monsters are
                  | visible. [potion of mutation]
  8760 | D:9      | Gained mutation: You have a pair of small horns on your
                  | head. [potion of mutation]
  9254 | D:10     | Reached XP level 11. HP: 64/72 MP: 12/14
  9637 | D:11     | Noticed Erica
  9735 | D:11     | Reached skill level 10 in Fighting
  9745 | D:11     | Reached skill level 5 in Hexes
  9745 | D:11     | Reached skill level 5 in Translocations
  9774 | D:11     | Noticed an arcanist
  9778 | D:11     | Noticed a two-headed ogre
  9780 | D:11     | Noticed a four-headed hydra
  9789 | D:11     | Noticed a brown ugly thing
  9790 | D:11     | Killed a two-headed ogre
  9907 | D:11     | Killed Erica
 10159 | D:11     | Learned a level 4 spell: Dimensional Bullseye
 10189 | D:11     | Noticed a cyclops
 10201 | D:11     | Killed a cyclops
 10245 | D:11     | Noticed a manticore
 10306 | D:11     | Killed a brown ugly thing
 10337 | D:11     | Killed a manticore
 10399 | D:11     | Noticed a two-headed ogre
 10405 | D:11     | Killed a two-headed ogre
 10410 | D:11     | Killed an arcanist
 10425 | D:11     | Found a shimmering altar of Xom.
 10464 | D:11     | Reached **** piety under Hepliaklqana
 10481 | D:11     | Killed a four-headed hydra
 10542 | D:11     | Reached XP level 12. HP: 78/78 MP: 18/18
 10884 | D:12     | Noticed a skeletal warrior
 10886 | D:12     | Noticed a skeletal warrior
 10886 | D:12     | Noticed a skeletal warrior
 10909 | D:11     | Killed a skeletal warrior
 11060 | D:11     | Killed a skeletal warrior
 11198 | D:12     | Reached skill level 5 in Spellcasting
 11208 | D:12     | Killed a skeletal warrior
 11282 | D:12     | Found Zin's Purification Station.
 11282 | D:12     | Found a glowing silver altar of Zin.
 11430 | D:12     | Noticed a two-headed ogre
 11430 | D:12     | Noticed Lodul
 11437 | D:12     | Killed Lodul
 11443 | D:12     | Noticed a two-headed ogre
 11454 | D:12     | Killed a two-headed ogre
 11887 | D:12     | Noticed Jorgrun
 11897 | D:12     | HP: 2/80 [ogre/+0 giant spiked club[Lodul] (10)]
 11898 | D:12     | Mangled by an ogre

Illustrated notes

Levels and vault maps discovered:
D:1:      dpeg_arrival_arbitrary_a, layout_loops_ring, serial_shops,
          nicolae_shop_bloodbath_and_beyond, serial_forest,
          infiniplex_forest_split, infiniplex_forest_clump_double,
          infiniplex_forest_side_room, infiniplex_forest_clump_large,
          infiniplex_forest_lined_3, infiniplex_forest_zigzag_1,
          infiniplex_forest_lined_3
D:2:      layout_basic, serial_bayou_pond_c, minmay_quadrilaterals,
          uniq_crazy_yiuf_cottage
D:3:      layout_basic
D:4:      layout_basic, slow_altar_1, palyth_stone_intersect, uniq_edmund,
          uniq_ijyb
D:5:      lemuel_ratsnest, layout_loops_cross, serial_glass, glass_columns_b,
          glass_columns_b, amcnicky_mini_rare_corridor_liquid, uniq_menkaure
D:6:      layout_rooms, minmay_temple_entry_offerings, serial_curves,
          eino_curves_02, eino_curves_02, minmay_fractal_squares_gapless_5
D:7:      gammafunk_steamed_eel, layout_basic, corexii_checkpoint,
          eino_small_chamber_without_monster, uniq_maurice
D:8:      layout_gridville, chequers_serial_rivers_large_a,
          kennysheep_generic_room_4
D:9:      layout_roguey, bloody_makhleb, orc_0_dummy,
          nicolae_concentric_dashed_squares_mild
D:10:     layout_irregular_city, david_lair_shrubbed, skrybe_limestone_x,
          kennysheep_generic_room_5
D:11:     layout_loops_ring, xom_confusion_cloud, uniq_erica
D:12:     layout_big_octagon, zin_purify, uniq_jorgrun, uniq_lodul
Temple:   mainiacjoe_temple_big_plus

Skill      XL: |  1  2  3  4  5  6  7  8  9 10 11 12 |
---------------+-------------------------------------+-----
Ranged Weapons | 6 7 8 11 13 | 13.0
Fighting       | 3 4 5 7 8 9 10 11 | 11.2
Dodging        | 4 6 8 |  8.4
Hexes          | 3 6 8 |  8.5
Translocations | 3 6 8 |  8.5
Spellcasting   | 2 4 5 |  5.7
Stealth        | |  1.3

Action                     |  1- 3 |  4- 6 |  7- 9 | 10-12 || total
---------------------------+-------+-------+-------+-------++-------
  Melee: Unarmed           |       |       |    18 |       ||    18
   Fire: Shortbow          |    79 |    84 |   310 |   480 ||   953
   Cast: Dimensional Bulls |       |       |       |     2 ||     2
 Invoke: Recall Ancestor   |       |       |       |     3 ||     3
         Ancestor Life: Kn |       |       |       |     1 ||     1
  Evoke: Wand              |       |       |     1 |     3 ||     4
    Use: Scroll            |     2 |     7 |     5 |     9 ||    23
         Potion            |       |       |       |     5 ||     5
 Armour: Leather armour    |    12 |    13 |    49 |    10 ||    84
         Skin              |       |       |     3 |       ||     3
         Troll leather arm |       |       |       |    58 ||    58
  Dodge: Dodged            |    21 |    14 |    99 |    85 ||   219

Table legend: (Time is in decaauts)
 A = Elapsed time spent in this place.
 B = Non-inter-level travel time spent in this place.
 C = Inter-level travel time spent in this place.
 D = Time resting spent in this place.
 E = Time spent auto-exploring this place.
 F = Levels seen in this place.
 G = Mean time per level.
                   A        B        C        D        E       F      G
               +--------+--------+--------+--------+--------+-----+--------+
         Total |  11828 |  11343 |    485 |   1315 |   8528 |  13 |  909.8 |
       Dungeon |  11766 |  11342 |    424 |   1315 |   8528 |  12 |  980.5 |
        Temple |     61 |      1 |     60 |      0 |      0 |   1 |   61.0 |
               +--------+--------+--------+--------+--------+-----+--------+

Top non-repeatable levels by time:
     D:4: 1482 daAuts
    D:11: 1452 daAuts
     D:2: 1145 daAuts
     D:7: 1096 daAuts
     D:5: 1055 daAuts
    D:10: 994 daAuts
     D:1: 914 daAuts
     D:8: 910 daAuts
     D:3: 736 daAuts
    D:12: 710 daAuts
     D:9: 664 daAuts
     D:6: 604 daAuts
  Temple: 61 daAuts
